Map: 이터널 엠파이어 - 래더

Players

顔良 - Winner!

  • Race: Protoss Protoss
  • League: Grandmaster
  • Spawn Location: 7:00

Dream

  • Race: Terran Terran
  • League: Grandmaster
  • Spawn Location: 1:00

VOD

Have the link to the VOD?

Description

Time

  • Played on: Dec. 17, 2019, 6:01 a.m.
  • Length: 15:40
Show
View Real Time Build Order
Export as new Build Order

顔良 Protoss - Winner!

Build Orders: 1 Gate Expand, Oracle Opening 

Get SALT Encoding   

  12  0:00  Probe  
  13  0:13  Probe  
  14  0:17  Pylon  
  14  0:25  Probe (Chrono Boost)  
  15  0:37  Probe (Chrono Boost)  
  15  0:38  Gateway  
  16  0:43  Probe (Chrono Boost)  
  16  0:46  Assimilator  
  17  0:51  Probe  
  18  1:03  Probe  
  19  1:15  Probe  
  20  1:24  Nexus  
  20  1:36  Cybernetics Core  
  20  1:37  Probe  
  21  1:45  Assimilator  
  21  1:51  Probe  
  22  1:54  Pylon  
  22  2:03  Probe  
  23  2:09  Adept (Chrono Boost)  
  25  2:16  Probe  
  25  2:18  Stargate  
  26  2:26  Warp Gate  
  26  2:28  Probe  
  27  2:32  Adept  
  27  2:36  Probe  
  30  2:40  Probe  
  31  2:48  Probe  
  32  2:56  Probe  
  33  3:00  Oracle (Chrono Boost)  
  33  3:01  Probe  
  36  3:09  Gateway  
  36  3:14  Gateway  
  36  3:17  Probe (Chrono Boost)  
  36  3:18  Probe (Chrono Boost)  
  38  3:30  Probe (Chrono Boost)  
  38  3:32  Oracle (Chrono Boost)  
  41  3:34  Probe (Chrono Boost)  
  41  3:37  Probe (Chrono Boost)  
  41  3:40  Probe (Chrono Boost)  
  43  3:45  Probe, Pylon  
  44  3:52  Probe  
  45  3:57  Probe (Chrono Boost)  
  46  4:06  Assimilator  
  46  4:08  Probe (Chrono Boost)  
  46  4:09  Probe (Chrono Boost)  
  48  4:10  Assimilator  
  50  4:18  Probe x2 (Chrono Boost)  
  50  4:21  Nexus  
  50  4:23  Pylon  
  50  4:24  Probe (Chrono Boost)  
  50  4:26  Probe (Chrono Boost)  
  50  4:31  Probe  
  52  4:36  Probe  
  54  4:39  Twilight Council  
  54  4:41  Forge  
  54  4:43  Probe  
  55  4:48  Probe  
  55  4:49  Pylon  
  56  4:57  Probe  
  57  5:00  Probe  
  57  5:02  Protoss Ground Weapons Level 1  
  58  5:08  Pylon  
  58  5:10  Probe  
  58  5:12  Probe  
  60  5:16  Gateway, Blink (Chrono Boost)  
  60  5:17  Gateway  
  60  5:20  Gateway  
  60  5:22  Probe  
  60  5:24  Probe, Robotics Facility  
  60  5:31  Sentry x3  
  66  5:36  Gateway  
  66  5:38  Gateway  
  66  5:40  Probe  
  66  5:41  Probe  
  68  5:48  Photon Cannon  
  68  5:50  Photon Cannon  
  68  5:54  Sentry  
  68  5:55  Adept, Sentry  
  74  5:57  Probe  
  74  5:58  Probe  
  74  5:59  Probe  
  77  6:05  Photon Cannon  
  77  6:08  Photon Cannon  
  77  6:11  Shield Battery  
  77  6:13  Observer (Chrono Boost)  
  77  6:14  Shield Battery  
  77  6:16  Phoenix  
  80  6:18  Probe  
  80  6:19  Probe  
  82  6:26  Observer (Chrono Boost)  
  82  6:27  Pylon x2  
  82  6:37  Stalker x4  
  82  6:38  Probe  
  82  6:39  Probe  
  91  6:40  Probe  
  91  6:48  Observer (Chrono Boost)  
  91  6:52  Stalker x4  
  100  6:55  Assimilator  
  100  6:57  Assimilator  
  99  7:10  Stalker x4  
  104  7:22  Immortal (Chrono Boost)  
  100  7:27  Probe x2  
  100  7:29  Probe  
  107  7:34  Protoss Ground Armor Level 1  
  106  7:43  Probe x2  
  108  7:45  Photon Cannon  
  108  7:52  Probe  
  108  7:55  Robotics Bay  
  109  7:59  Pylon  
  109  8:00  Probe x2  
  109  8:02  Pylon  
  109  8:03  Pylon, Charge  
  109  8:04  Probe, Pylon  
  104  8:12  Probe x2  
  106  8:14  Immortal (Chrono Boost)  
  106  8:16  Probe  
  106  8:17  Photon Cannon  
  111  8:21  Robotics Facility  
  111  8:24  Stalker  
  111  8:25  Stalker  
  115  8:40  Probe x3  
  111  8:47  Disruptor (Chrono Boost)  
  112  8:52  Probe x2 (Chrono Boost)  
  115  8:58  Probe (Chrono Boost)  
  115  8:59  Extended Thermal Lance  
  115  9:00  Forge  
  115  9:01  Probe x2 (Chrono Boost)  
  117  9:05  Probe (Chrono Boost)  
  117  9:06  Probe x2 (Chrono Boost)  
  117  9:09  Stalker x2  
  124  9:13  Observer  
  124  9:16  Probe  
  125  9:18  Probe x2  
  127  9:25  Disruptor x2 (Chrono Boost)  
  127  9:28  Probe  
  132  9:31  Nexus  
  132  9:34  Pylon  
  132  9:42  Zealot x3  
  132  9:43  Stalker x3  
  134  9:50  Protoss Ground Armor Level 2, Protoss Ground Weapons Level 2  
  132  10:03  Stalker  
  132  10:04  Stalker x3  
  136  10:10  Colossus (Chrono Boost)  
  136  10:11  Colossus (Chrono Boost)  
  138  10:19  Probe x2  
  138  10:21  Probe  
  147  10:30  Sentry  
  147  10:33  Pylon  
  147  10:34  Pylon  
  147  10:35  Pylon  
  147  10:36  Pylon  
  147  10:42  Sentry  
  137  10:44  Zealot x4  
  139  10:52  Zealot x2  
  133  11:00  Colossus x2 (Chrono Boost)  
  141  11:08  Probe x4  
  143  11:14  Stalker x3  
  143  11:15  Stalker  
  151  11:20  Probe  
  151  11:23  Assimilator  
  151  11:25  Assimilator  
  152  11:27  Dark Shrine  
  152  11:31  Zealot  
  139  11:47  Zealot, Stalker  
  139  11:48  Zealot x5  
  139  11:49  Colossus x2 (Chrono Boost)  
  165  12:06  Pylon  
  163  12:12  Zealot x8  
  179  12:18  Protoss Ground Weapons Level 3 (Chrono Boost)  
  175  12:32  Colossus x2  
  175  12:33  Protoss Ground Armor Level 3 (Chrono Boost)  
  187  12:48  Zealot x6  
  199  13:03  Nexus  
  199  13:06  Pylon  
  199  13:07  Photon Cannon  
  199  13:19  Sentry  
  199  13:24  Stalker  
  199  13:25  Stalker x2  
  194  13:35  Dark Templar x4  
  196  13:46  Dark Templar  
  190  13:50  Dark Templar  
  190  13:51  Dark Templar x2  
  169  14:11  Stalker x4  
  171  14:17  Colossus (Chrono Boost)  
  171  14:18  Colossus (Chrono Boost)  
  175  14:41  Stalker x3  
  175  14:42  Stalker x5  
  160  15:02  Warp Prism (Chrono Boost)  
  160  15:03  Immortal (Chrono Boost)  
  166  15:10  Stalker x6  
  166  15:11  Stalker x2  
Show
View Real Time Build Order
Export as new Build Order

Dream Terran 

Build Orders: Gas First Reaper Expand 

Get SALT Encoding   

  12  0:00  SCV  
  13  0:12  SCV  
  14  0:17  Supply Depot  
  14  0:24  SCV  
  15  0:31  Refinery  
  15  0:38  SCV  
  16  0:43  Barracks  
  16  0:50  SCV  
  17  1:03  SCV  
  18  1:15  SCV  
  19  1:30  Orbital Command, Reaper  
  20  1:44  Command Center  
  20  1:56  Factory  
  20  1:58  SCV  
  21  2:10  Barracks Reactor, SCV  
  21  2:11  Supply Depot  
  22  2:17  Refinery  
  22  2:22  SCV  
  23  2:34  SCV  
  24  2:45  Marine x2  
  24  2:46  Widow Mine, SCV  
  29  2:58  SCV  
  29  3:00  Orbital Command  
  29  3:04  Marine  
  29  3:05  Marine  
  32  3:06  Barracks  
  32  3:07  Widow Mine  
  32  3:10  SCV  
  35  3:18  Barracks  
  35  3:23  Marine x2  
  37  3:28  SCV x2  
  38  3:35  Engineering Bay  
  38  3:40  SCV x2  
  38  3:41  Marine x2  
  40  3:47  Factory Tech Lab  
  42  3:52  SCV  
  42  3:53  SCV, Barracks Tech Lab  
  44  3:57  Supply Depot  
  44  3:59  Marine x2  
  46  4:09  Supply Depot  
  46  4:13  Stimpack  
  46  4:16  Terran Infantry Weapons Level 1  
  46  4:19  Cyclone  
  46  4:21  Barracks Reactor  
  46  4:22  Starport  
  46  4:23  SCV x2  
  51  4:24  Marine  
  51  4:25  Marine  
  51  4:27  Marine  
  54  4:35  SCV x2  
  55  4:42  Marine  
  55  4:43  Marine  
  57  4:46  Refinery  
  57  4:47  SCV, Supply Depot  
  57  4:48  SCV  
  57  4:50  Marauder  
  61  4:58  Supply Depot  
  61  5:00  Marine, Factory Reactor  
  61  5:05  Supply Depot  
  62  5:08  Marine  
  62  5:09  SCV x2  
  62  5:10  Medivac  
  62  5:11  Combat Shield  
  67  5:16  Supply Depot  
  67  5:17  Marauder  
  67  5:21  SCV  
  70  5:23  Marine  
  70  5:24  Marauder  
  70  5:27  SCV  
  74  5:31  Marine  
  74  5:32  Medivac  
  74  5:33  SCV  
  75  5:39  Widow Mine x2  
  75  5:40  Marauder  
  75  5:41  Supply Depot  
  81  5:43  SCV  
  81  5:44  Refinery  
  81  5:47  SCV  
  81  5:49  Marine  
  84  5:53  Marauder  
  86  5:58  Supply Depot  
  86  6:00  SCV x2  
  86  6:01  Marauder, Concussive Shells  
  86  6:04  Medivac  
  92  6:09  Marine x2  
  94  6:13  Widow Mine x2  
  94  6:15  Marine  
  99  6:22  Marine  
  100  6:27  Marine x2  
  100  6:28  Medivac  
  100  6:30  SCV x2  
  106  6:36  Medivac  
  106  6:39  Command Center  
  110  6:40  Marauder  
  110  6:45  Supply Depot x2  
  110  6:54  Supply Depot  
  110  6:55  Terran Infantry Armor Level 1  
  110  7:06  Marine x2  
  110  7:07  Marauder x2  
  115  7:11  SCV x2  
  111  7:19  Widow Mine  
  111  7:21  Widow Mine  
  106  7:23  SCV x2  
  106  7:24  Marine x2  
  106  7:27  Medivac  
  106  7:28  Marauder x2  
  106  7:29  Medivac  
  118  7:35  SCV x2  
  118  7:37  Barracks  
  120  7:45  Barracks  
  120  7:49  Marauder  
  122  7:52  Marine x2  
  122  7:53  SCV  
  122  7:57  Medivac, SCV  
  128  7:59  Medivac  
  128  8:04  Marauder  
  130  8:06  SCV  
  130  8:11  Marauder  
  133  8:14  Ghost Academy  
  133  8:15  Marine  
  133  8:19  Widow Mine x2  
  139  8:20  SCV  
  139  8:25  Orbital Command  
  139  8:28  Marine  
  139  8:30  SCV  
  139  8:32  SCV  
  139  8:33  Supply Depot  
  136  8:47  Barracks Reactor, Marine x2, Barracks Tech Lab  
  141  8:48  SCV x2  
  141  8:50  Refinery x2  
  143  8:59  SCV  
  143  9:00  SCV  
  143  9:01  SCV  
  146  9:06  Enhanced Shockwaves  
  146  9:08  Marine, Supply Depot  
  146  9:09  Marine, Supply Depot  
  150  9:11  Marine, Unknown  
  150  9:12  Unknown  
  150  9:14  Command Center, Supply Depot  
  152  9:26  SCV  
  152  9:27  SCV x2  
  152  9:29  Marine x3  
  152  9:30  Marine  
  158  9:36  Widow Mine x2, Unknown  
  162  9:40  Unknown  
  162  9:50  Marine x2  
  162  9:51  Marine x2  
  152  9:57  SCV x3  
  154  10:02  Engineering Bay  
  154  10:03  Armory  
  154  10:05  Widow Mine  
  154  10:06  Widow Mine  
  154  10:08  Marine  
  154  10:11  Marine x3  
  154  10:12  SCV x2, Unknown x3  
  154  10:13  SCV  
  165  10:14  Marauder  
  165  10:20  Supply Depot  
  165  10:21  Supply Depot  
  165  10:25  Sensor Tower  
  165  10:32  Widow Mine x2  
  165  10:34  Marine  
  169  10:40  Marine x2, Unknown x2  
  169  10:41  Marauder  
  154  10:52  Marine  
  154  10:54  Widow Mine  
  154  10:56  SCV x2  
  147  11:01  Marine x3  
  147  11:03  Unknown  
  147  11:04  Marauder  
  137  11:08  Planetary Fortress  
  137  11:09  Unknown  
  137  11:10  Terran Infantry Weapons Level 2  
  133  11:18  Viking x2  
  135  11:19  Marine  
  135  11:25  Marauder, Barracks  
  140  11:26  Starport, Barracks  
  140  11:30  Marine x2, Unknown  
  140  11:31  Marauder, Unknown  
  140  11:32  Marine  
  144  11:37  Unknown  
  144  11:38  Marauder  
  145  11:41  SCV x2  
  145  11:44  Marine  
  145  11:46  Marauder  
  135  11:48  Marine x2  
  135  11:52  Marauder  
  139  11:55  Marine  
  139  11:57  Medivac x2  
  139  11:59  Marauder  
  146  12:01  Marine  
  146  12:05  Marine  
  146  12:08  Marauder  
  150  12:11  Command Center  
  150  12:14  Marauder  
  147  12:17  Marine  
  147  12:18  Marine  
  147  12:20  Marauder, Barracks Tech Lab x2, Viking x2  
  149  12:29  Marauder  
  151  12:34  Marine x2  
  151  12:35  Marauder  
  153  12:39  Marine, Marauder  
  153  12:40  Medivac x2  
  153  12:42  Marauder  
  159  12:47  Terran Infantry Armor Level 2  
  159  12:50  Marine  
  159  12:51  Marauder x2  
  163  12:52  Marine x2  
  163  12:57  Marauder  
  167  13:00  Marine, Marauder  
  167  13:04  Terran Ship Weapons Level 1  
  172  13:12  Marauder  
  176  13:13  Marine  
  176  13:15  Marine  
  176  13:18  Marauder  
  180  13:22  Marauder  
  180  13:26  Marine  
  175  13:31  Unknown  
  175  13:32  Marauder, Marine  
  175  13:33  Marine x2  
  175  13:40  Unknown  
  173  13:44  Marine  
  169  13:52  Marine  
  169  13:53  Marauder  
  160  14:01  Unknown  
  139  14:06  Planetary Fortress  
  139  14:07  Unknown  
  139  14:08  Marauder  
  139  14:09  Marauder, Unknown  
  130  14:11  Unknown  
  130  14:13  Marine x2  
  130  14:14  Marauder  
  130  14:16  Marine x2  
  134  14:29  Marauder  
  134  14:30  Marine, Marauder, Unknown  
  131  14:33  SCV x3  
  131  14:34  Marine  
  131  14:39  Viking x3  
  131  14:40  Marauder, Unknown  
  134  14:52  Marauder  
  128  14:58  Unknown  
  128  14:59  Marine x2  
  105  15:01  Marine x2  
  105  15:02  Marauder  
  105  15:03  Viking  
  105  15:04  Unknown  
  108  15:10  Viking  
  108  15:13  Marauder  
  112  15:19  Marine x2, Unknown  
  97  15:27  Unknown  
  84  15:32  Unknown  
Tags
 
Add a new tag
Caveats
  • Supply blocks, unpowered buildings, or Contaminate may cause inaccurate times.
  • Supply counts are checked every 10 seconds.